 Dungeon Crawl Stone Soup version 0.31-a0-574-g69dc8cc98e (webtiles) character file.

Game seed: 3509112689999157205

119 Xavori the Sneak (level 5, 36/36 HPs)
             Began as an Octopode Chaos Knight on Aug 18, 2023.
             Was a Plaything of Xom.
             Quit the game on level 2 of the Dungeon.
             The game lasted 00:01:50 (14555 turns).

Xavori the Sneak (Octopode Chaos Knight)           Turns: 14555, Time: 00:01:51

Health: 36/36      AC:  1    Str: 18      XL:     5   Next: 3%
Magic:  5/5        EV: 13    Int: 15 (16) God:    Xom [...*..]
Gold:   101        SH:  0    Dex: 11      Spells: 4/4 levels left

rFire   . . .        a - +0 short sword (chaos)
rCold   . . .        (no shield)
rNeg    . . .        (helmet restricted)
rPois   .            (no amulet)
rElec   .            (no ring)
rCorr   .            (no ring)
SInv    .            (no ring)
Will    .....        (no ring)
Stlth   +++          (no ring)
HPRegen 0.26/turn    (no ring)
MPRegen 0.09/turn    (no ring)
                     (no ring)

%: no passive effects
@: no status effects
A: almost no armour, amphibious, 8 rings, camouflage 1, gelatinous body 1,
(nimble swimmer 1), tentacles, tentacle spike 1, clever 1, mutation resistance
1, strong 2, wild magic 1
a: Renounce Religion


You were on level 2 of the Dungeon.
You worshipped Xom.
You were a favourite toy of Xom.
You visited 1 branch of the dungeon, and saw 3 of its levels.

You collected 101 gold pieces.

Inventory:

Hand Weapons
 a - a +0 short sword of chaos (weapon)
Jewellery
 g - a ring of ice
 h - a +6 ring of intelligence
Scrolls
 b - a scroll of butterflies
 c - a scroll of fog {unknown}
 e - a scroll of enchant weapon {unknown}
 j - a scroll of torment {unknown}
 l - a scroll of fear {unknown}
Potions
 d - 2 potions of brilliance {unknown}
 f - 2 potions of heal wounds {unknown}
 i - 2 potions of mutation {unknown}
 k - a potion of might {unknown}
 m - a potion of magic {unknown}


   Skills:
 + Level 3.5 Fighting
 + Level 3.8 Short Blades
 + Level 2.9 Dodging
 + Level 4.0 Stealth


You had 4 spell levels left.
You didn't know any spells.
Your spell library contained the following spells:

 Spells                   Type           Power      Damage    Failure   Level
 Necrotise                Necr           0%         1d4       34%         1
 Vampiric Draining        Necr           0%         2d6       71%         3
 Agony                    Necr           0%         N/A       100%        5


Dungeon Overview and Level Annotations

Branches:
Dungeon (3/15)

Altars:
Xom


Innate Abilities, Weirdness & Mutations

You cannot wear most types of armour.
You are amphibious.
You can wear up to eight rings at the same time.
Your skin changes colour to match your surroundings (Stealth+).
Your rubbery body absorbs attacks. (AC +1, EV +1)
((You are camouflaged when in or above water. (Stealth+)))
You have tentacles for arms and can constrict up to eight enemies at once.
One of your tentacles bears a spike.
Your mind is acute. (Int +4, Str/Dex -1)
You are somewhat resistant to further mutation.
Your muscles are very strong. (Str +8, Int/Dex -2)
Your spells are a little harder to cast, but a little more powerful.


Message History

Xom is getting BORED.
You start waiting.
Xom is getting BORED.
You start waiting.
Xom is getting BORED.
You start waiting.
You are now a BORING thing.
You start waiting. "You have grown too confident for your meagre worth."
You feel dopey.
You are now a favourite toy of Xom.
You start waiting.
Done waiting.
You start waiting.
Done waiting.
You start waiting.
Xom's power brushes against you for a moment.
Your body is suffused with distortional energy.
Your magical essence no longer links to wands of the dungeon.
You feel stronger.
You feel genetically unstable.
You feel stupid.
You start waiting.
Done waiting.
You start waiting.
Done waiting.
You start waiting.
Done waiting.
You start waiting.
Done waiting.
You start waiting.
Done waiting.
You start waiting.
Done waiting.
You start waiting.
You hear Xom's maniacal cackling.
Your body is suffused with distortional energy.
One of your lower tentacles grows a sharp spike.
You feel stronger.
You start waiting.
Done waiting.
Are you sure you want to abandon this character and quit the game? (Confirm with "yes".)

..# #... , , ,,,,#.#.#
).###.##########.#.#.#
.('......†...#.#.#.#.#
..###.#........#.#.#.#
### #.#.###.##.#.#.#.#
#.#.#......#.#.#.###
#####.#.#.#.####.#.#<..#
......#.#.#.####.#.#.#.#
................@#.#.#.#
......#.#.#.####.#.#.#.#
......#.#.#.# #.#.#...#
......#.#.#.####....÷.##
#####.#.#.#...........#
#.#.#.######.._..##
#.#.#............#
#.#.###..........#
#.#...'........###


There were no monsters in sight!

Vanquished Creatures
  Jessica (D:2)
  4 adders (D:2)
  3 worms (D:2)
  2 dart slugs
  2 bats
  3 endoplasms
  3 giant cockroaches (D:1)
  A hobgoblin (D:1)
  4 jackals (D:2)
  A quokka (D:1)
  6 ball pythons
  8 frilled lizards
  3 goblins
  3 kobolds (D:1)
  4 rats
48 creatures vanquished.

Notes
Turn   | Place    | Note
-------+----------+-------------------------------------------
     0 | D:1      | Xavori the Octopode Chaos Knight began the quest for the
                  | Orb.
     0 | D:1      | Reached XP level 1. HP: 16/16 MP: 1/1
   392 | D:1      | XOM: silly message
  1414 | D:1      | XOM is BORED!
  1414 | D:1      | XOM: noise
  1437 | D:1      | XOM: silly message
  1683 | D:1      | XOM: silly message
  1793 | D:1      | XOM: divination: detect items
  2249 | D:1      | XOM: 1-stop teleportation journey
  2335 | D:1      | You fall into a shaft and drop 1 floor!
  2356 | D:1      | Reached XP level 2. HP: 13/21 MP: 2/2
  2577 | D:1      | XOM: 3-stop teleportation journey
  2616 | D:1      | XOM: noise
  2682 | D:1      | Reached skill level 1 in Stealth
  3077 | D:1      | Reached XP level 3. HP: 26/26 MP: 3/3
  4280 | D:1      | XOM is BORED!
  4854 | D:1      | XOM: divination: detect creatures
  4874 | D:1      | XOM: scenery: create altars
  5195 | D:1      | XOM: give mutations
  5195 | D:1      | Gained mutation: You possess an exceptional clarity of
                  | mind. [Xom's grace]
  5195 | D:1      | Gained mutation: You expend magic power (3 MP) to
                  | strengthen your wands. [Xom's grace]
  5195 | D:1      | Gained mutation: You are robust. (+10% HP) [Xom's grace]
  5195 | D:1      | Gained mutation: Your mind is acute. (Int +4, Str/Dex -1)
                  | [Xom's grace]
  5630 | D:1      | XOM: god gift: 20 gold pieces
  5673 | D:1      | XOM: god gift: glowing bone ring {god gift}
  7502 | D:1      | XOM is BORED!
  7783 | D:1      | XOM: give mutations
  7783 | D:1      | Gained mutation: You have a pair of small antennae on your
                  | head. [Xom's grace]
  7783 | D:1      | Gained mutation: You are somewhat resistant to further
                  | mutation. [Xom's grace]
  7783 | D:1      | Gained mutation: Your spells are a little harder to cast,
                  | but a little more powerful. [Xom's grace]
  7783 | D:1      | Gained mutation: Your mind is very acute. (Int +8, Str/Dex
                  | -2) [Xom's grace]
  8475 | D:1      | XOM: scenery: summon butterflies
  8494 | D:1      | XOM: give mutations
  8494 | D:1      | Lost mutation: You possess an exceptional clarity of mind.
                  | [Xom's mischief]
  8494 | D:1      | Lost mutation: You have a pair of small antennae on your
                  | head. [Xom's mischief]
  8494 | D:1      | Lost mutation: You are robust. (+10% HP) [Xom's mischief]
  8705 | D:1      | XOM: draining
  8714 | D:1      | XOM: torment (12/22 hp)
  9698 | D:1      | XOM: give mutation
  9698 | D:1      | Gained mutation: You are somewhat resistant to both further
                  | mutation and mutation removal. [Xom's grace]
  9716 | D:1      | XOM: scenery: create altars
  9763 | D:1      | XOM: god gift: 7 gold pieces
 10028 | D:2      | Reached skill level 2 in Stealth
 10054 | D:2      | XOM: silly message
 10164 | D:2      | Reached XP level 4. HP: 29/31 MP: 4/4
 10246 | D:2      | Reached skill level 3 in Stealth
 10714 | D:2      | Noticed Jessica
 10733 | D:2      | Killed Jessica
 10734 | D:2      | Reached skill level 4 in Stealth
 10734 | D:2      | Reached XP level 5. HP: 21/36 MP: 5/5
 10766 | D:2      | XOM: silly message
 10804 | D:2      | Found a faded altar of an unknown god.
 10858 | D:2      | XOM: cloud trail
 11004 | D:2      | XOM: divination: magic mapping
 11017 | D:2      | Glimpsed the power of Zot.
 11754 | D:2      | XOM: cloud trail
 12590 | D:2      | XOM: scenery: summon butterflies
 13533 | D:2      | XOM is BORED!
 13533 | D:2      | XOM: stat loss: -1 Int (21/22)
 13832 | D:2      | XOM: give mutations
 13832 | D:2      | Lost mutation: You expend magic power (3 MP) to strengthen
                  | your wands. [Xom's mischief]
 13832 | D:2      | Gained mutation: Your muscles are strong. (Str +4, Int/Dex
                  | -1) [Xom's mischief]
 13832 | D:2      | Lost mutation: You are somewhat resistant to both further
                  | mutation and mutation removal. [Xom's mischief]
 13832 | D:2      | Lost mutation: Your mind is very acute. (Int +8, Str/Dex
                  | -2) [Xom's mischief]
 14454 | D:2      | XOM: give mutations
 14454 | D:2      | Gained mutation: One of your tentacles bears a spike.
                  | [Xom's grace]
 14454 | D:2      | Gained mutation: Your muscles are very strong. (Str +8,
                  | Int/Dex -2) [Xom's grace]
 14555 | D:2      | Quit the game

Illustrated notes

Levels and vault maps discovered:
D:1:      erik_arrival_triangle_small, layout_basic
D:2:      layout_basic, ebering_ecumenical_altar_sacrificial,
          amcnicky_mini_pool_small, uniq_jessica
D:3:      layout_basic, old_standard_altar, ebering_ghost_sewer_f, serial_shops,
          shop, uniq_natasha

Skill      XL: |  1  2  3  4 |
---------------+-------------+-----
Stealth        | 1 2 4 |  4.0
Fighting       | |  3.5
Short Blades   | |  3.8
Dodging        | |  2.9

Action                     |  1- 3 |  4- 6 || total
---------------------------+-------+-------++-------
  Melee: Short sword       |    79 |    34 ||   113
         Constrict         |    15 |     6 ||    21
         Tentacles         |    15 |     7 ||    22
   Stab: Sleeping          |     7 |     4 ||    11
         Paralysed         |     1 |       ||     1
 Armour: Skin              |     9 |     3 ||    12
  Dodge: Dodged            |    32 |    18 ||    50

Table legend: (Time is in decaauts)
 A = Elapsed time spent in this place.
 B = Non-inter-level travel time spent in this place.
 C = Inter-level travel time spent in this place.
 D = Time resting spent in this place.
 E = Time spent auto-exploring this place.
 F = Levels seen in this place.
 G = Mean time per level.
                   A        B        C        D        E       F      G
               +--------+--------+--------+--------+--------+-----+--------+
         Total |  14537 |  14520 |     17 |  12545 |   1629 |   3 | 4845.7 |
       Dungeon |  14537 |  14520 |     17 |  12545 |   1629 |   3 | 4845.7 |
               +--------+--------+--------+--------+--------+-----+--------+

Top non-repeatable levels by time:
     D:1: 9950 daAuts
     D:2: 4584 daAuts
     D:3: 1 daAuts
